Croesus, chaotic female elven Ranger --- ------------------ --- ---- |.|---|................|--------------|.-- |..---- |.|...|................|??)|..|...|...|..| --.....| ----|.|...-..--|--.........|..*|..|...|...|..| ---- |......| --..||.|...|..|...|..-----..|(..|..|-|---|--..| |..| |-....-- |...-|.-----..|...|--|((.|..--|---|-.........---- --..| |.....-- |....|........|...|..|((.-.............-----....| |..-- |......-- |....|........|---|..|((.|......--|-...|...|....| |..| --......| |....|.----...|(((||------..{...|..|...-...|...-- --..| ---....| --....|.|..-...|(((|..)..........|..|...|...|..-- ----..-- ---...--------.......|..|...|...|-|-.....---|-------------.-| |.....-- |....................----...--|-|..|..-|-|..................-- |.....>------ |....---.......[.......|........|..|..|..|----....---------..----.......--.| ----.| |...............|..#.....----..|..|m%@:....|....[.||................| |...| ---.......(.....|-....{........|..|@%.|....%...._.||..-----........-- ---.--- |<........)...--..|....#.....--------....|......||...| |......--- |...| |.................|-.....................|---------..-- -----.--- |...| ----..--.......----|..........------------ |........| |...-- --.-- |..||...|..-- ---.....---- ---------- ---..| --- ------.----- ----.-- |..| --- --- ---- Croesus the Trailblazer Experience level: 9 Strength: 18 Dexterity: 15 Constitution: 16 Intelligence: 14 Wisdom: 14 Charisma: 9 Health: 0(54) Energy: 49(49) Def: 11 Gold: 0 Moves: 21356 Dungeon seed: EwDnuyD_aEzIymnK Game ID: Croesus_1582877645 Your Inventory: Amulets j - an uncursed amulet of reflection (being worn) Weapons c - 41 +2 elven arrows d - the burnt +1 Sting e - a blessed +1 elven bow (weapon in hand) G - a +0 elven arrow Z - 6 +0 arrows (in quiver) Armor n - an uncursed +0 dwarvish iron helm (being worn) q - an uncursed +0 dwarvish mithril-coat (being worn) y - an uncursed +0 Uruk-hai shield (being worn) z - an uncursed +0 dwarvish cloak (being worn) N - an uncursed +0 pair of iron shoes (being worn) Comestibles V - an uncursed lizard corpse Rings f - an uncursed ring of conflict Wands t - a wand of polymorph (0:2) H - a wand of sleep (0:3) I - a wand of speed monster (0:7) P - a wand of striking (0:0) Tools b - an uncursed bag of holding i - a bag of tricks (0:2) k - an uncursed skeleton key s - an uncursed stethoscope w - an uncursed magic whistle T - an uncursed towel Gems r - an uncursed touchstone u - an uncursed luckstone Contents of the bag of holding: 2001 gold pieces 5 blessed +1 arrows a +1 arrow 16 blessed +0 arrows a +0 axe 11 blessed +1 darts 15 blessed +0 darts 76 +0 darts 4 +0 elven daggers a poisoned +0 dart 5 +0 ya an uncursed +0 dwarvish cloak a blessed +0 large shield an uncursed +0 mummy wrapping a blessed +2 pair of high boots an uncursed apple an uncursed carrot an uncursed cram ration an uncursed food ration 4 uncursed lembas wafers 2 uncursed lichen corpses an uncursed lizard corpse an uncursed tripe ration an uncursed scroll of blank paper an uncursed scroll of create monster 2 uncursed scrolls of earth 2 uncursed scrolls of identify an uncursed scroll of light an uncursed scroll of teleportation 2 uncursed scrolls of teleportation a cursed scroll of teleportation an uncursed potion of acid a blessed potion of booze 4 uncursed potions of booze a cursed potion of booze an uncursed potion of gain ability 2 uncursed potions of gain energy an uncursed potion of hallucination a blessed potion of levitation an uncursed potion of levitation 2 uncursed potions of object detection an uncursed potion of paralysis 3 uncursed potions of restore ability an uncursed potion of sickness an uncursed potion of water an uncursed ring of aggravate monster an uncursed ring of fire resistance an uncursed ring of fire resistance a cursed -1 ring of increase accuracy an uncursed ring of regeneration an uncursed ring of regeneration a wand of secret door detection (0:13) an uncursed blindfold a horn of plenty (0:18) a +0 pick-axe an uncursed skeleton key an uncursed skeleton key 9 cursed tallow candles (0:200) an uncursed tin whistle a tinning kit (0:93) a tinning kit (0:82) 5 blessed wax candles (0:400) 20 uncursed wax candles (0:400) an uncursed agate stone 4 uncursed amethyst stones 4 uncursed diamonds 3 uncursed emeralds an uncursed fluorite stone an uncursed garnet stone 2 uncursed jasper stones an uncursed opal 3 uncursed rubies Spells and supernatural/magical abilities: Name Level Category Fail Memory n - detect monsters 1 divination 100% 47% I - identify 3 divination 100% 39% P - polymorph 6 matter 100% 39% W - pray for help -- divine ? -- Your skills at the end: Fighting Skills Weapon Skills dagger [Expert] bow [Skilled] Spellcasting Skills Final Attributes: You were piously aligned. You were fire resistant. You were sleep resistant. You were shock resistant. You were poison resistant. You were telepathic. You had automatic searching. You had infravision. You were stealthy. You were held by a giant mimic. You had reflection. You were lucky. You had extra luck. Bad luck did not time out for you. Good luck did not time out for you. You are dead. Vanquished creatures: 2 giant mimics 2 large mimics a baby long worm a black naga 2 wargs a small mimic a troll a gelatinous cube a gargoyle an ochre jelly a stone giant an elf mummy a wraith a carnivorous ape a leather golem a soldier 2 succubi 2 chameleons a crocodile a giant beetle a quivering blob a cockatrice a winter wolf cub a spotted jelly 4 leprechauns an orc-captain an iron piercer a mumak 2 giant spiders 2 scorpions an ice vortex a black light 4 vampire bats 3 gnome kings an orc mummy a dwarf mummy 2 brown puddings a gold golem 2 werewolves 2 lizards 3 chickatrices a dog 2 dingos a jaguar 2 dwarf lords a blue jelly a raven a gnome mummy a snake 6 human zombies a fire ant a wood nymph a mountain nymph 4 Uruk-hai 3 rock piercers 3 rock moles 4 ponies 3 fog clouds 3 yellow lights 3 shriekers a violet fungus 21 gnome lords 6 gnomish wizards a kobold mummy 2 red naga hatchlings a black naga hatchling 3 golden naga hatchlings a guardian naga hatchling an elf zombie 3 ghouls 2 straw golems a paper golem 3 baby crocodiles 9 giant ants 5 little dogs 7 floating eyes 2 kittens 22 dwarves a homunculus 2 kobold lords a kobold shaman 7 hill orcs a rothe 5 rabid rats 5 centipedes 3 giant bats 4 monkeys an orc zombie 2 dwarf zombies 3 iguanas 11 killer bees 3 acid blobs 6 coyotes 5 gas spores 14 hobbits 3 manes 3 large kobolds 3 hobgoblins 6 giant rats 6 cave spiders 6 brown molds 3 yellow molds a green mold 3 red molds 74 gnomes 27 garter snakes 3 gnome zombies 6 geckos 21 jackals 5 foxes 9 kobolds 6 goblins 12 sewer rats 18 grid bugs 4 bats 9 lichens 5 kobold zombies 13 newts 514 creatures vanquished. Voluntary challenges: You had been an atheist until turn 2289. You used a wielded weapon 424 times, starting on turn 191. You read items or engraved 77 times, starting on turn 3271. You never genocided any monsters. You polymorphed 3 items, starting on turn 19932. You changed form 1 time, starting on turn 13693. You used no wishes. You never split a pudding. You wrote Elbereth's name 2 times, starting on turn 9637. You violated your moral code, losing 15 points of alignment, starting on turn 19957. Dungeon overview: The Dungeons of Doom: levels 1 to 6 Level 1 a fountain a long staircase Level 2 a general store stairs to The Gnomish Mines Level 3 a hardware shop Level 4 an altar to Venus, a fountain, a sink Level 5 many fountains Level 6 a fountain stairs to Sokoban The Gnomish Mines: levels 3 to 11 Level 3 stairs to The Dungeons of Doom Level 4 Level 5 <- You were here many shops, a temple to Venus, some fountains, some trees Level 6 Level 7 Level 8 Level 9 Level 10 Level 11 Sokoban: levels 2 to 5 Level 2 Level 3 Level 4 Level 5 stairs to The Dungeons of Doom History has recorded: On T:1 you entered the Dungeons of Doom to retrieve the Amulet of Yendor! On T:314 you reached level 2 of The Dungeons of Doom. On T:550 you reached level 3 of The Dungeons of Doom. On T:770 you reached level 1 of The Gnomish Mines. On T:974 you reached level 4 of The Dungeons of Doom. On T:1653 you advanced to experience level 2. On T:2799 you reached level 5 of The Dungeons of Doom. On T:2833 you advanced to experience level 3. On T:3054 you reached level 6 of The Dungeons of Doom. On T:3518 you advanced to experience level 4. On T:3774 you reached level 4 of Sokoban. On T:4542 you reached level 3 of Sokoban. On T:4823 you advanced to experience level 5. On T:5714 you reached level 2 of Sokoban. On T:6543 you reached level 1 of Sokoban. On T:6555 you advanced to experience level 6. On T:8665 you advanced to experience level 7. On T:10537 you reached level 2 of The Gnomish Mines. On T:11259 you reached level 3 of The Gnomish Mines. On T:11840 you reached level 4 of The Gnomish Mines. On T:12301 you advanced to experience level 8. On T:13315 you reached level 5 of The Gnomish Mines. On T:13648 you reached level 6 of The Gnomish Mines. On T:16192 you reached level 7 of The Gnomish Mines. On T:16540 you reached level 8 of The Gnomish Mines. On T:17118 you reached level 9 of The Gnomish Mines. On T:17507 you advanced to experience level 9. Score breakdown: Gold: 2001 (11230 points) Experience: 9 levels (15756 points) Exploration: 11 levels ( 22.92%) (13837 points) Discoveries: 34 items ( 11.72%) (10272 points) Valuables value: (no points given unless you survive) Artifact value: 800 ( 9877 points) Variety of kills: 118 monsters ( 30.97%) (16695 points) Turncount: 21356 turns (-3499 points) Survival: died (score multiplied by 80%) Total score: 59334 Latest messages: Parbalingga seems uninterested. The 3rd arrow hits the giant mimic. The arrow hits the giant mimic! Parbalingga seems uninterested. The giant mimic hits! (2x) You shoot 2 arrows. The 1st arrow hits the giant mimic! The 2nd arrow hits the giant mimic. You shoot 3 arrows. The 1st arrow hits the giant mimic! The 2nd arrow hits the giant mimic. Parbalingga seems uninterested. The 3rd arrow hits the giant mimic. The arrow hits the giant mimic! Parbalingga seems uninterested. The giant mimic hits! (2x) You die... Parbalingga gratefully inherits all your possessions. Final status: Goodbye Croesus the Ranger, killed by a giant mimic... You died in The Gnomish Mines on dungeon level 5 with 59334 points, and 2001 pieces of gold, after 21356 moves. You were level 9 with a maximum of 54 hit points when you died.